 Dungeon Crawl Stone Soup version 0.19-a0-854-gc78d25d (webtiles) character file.

193 Implojin the Chopper (level 5, 0/45 HPs)
             Began as a Minotaur Fighter on July 1, 2016.
             Killed from afar by an orc wizard (8 damage)
             ... with a magic dart
             ... on level 5 of the Dungeon.
             The game lasted 00:02:03 (301 turns).

Implojin the Chopper (Minotaur Fighter)              Turns: 301, Time: 00:02:04

Health: 0/45       AC:  6    Str: 26    XL:     5   Next: 43%
Magic:  4/4        EV:  7    Int:  5    God:
Gold:   0          SH: 10    Dex: 10    Spells: 0 memorised, 4 levels left

rFire  . . .     SeeInvis .     a - +0 war axe
rCold  . . .     Gourm    .     b - +0 scale mail
rNeg   . . .     Faith    .     c - +0 shield
rPois  .         Spirit   .     (helmet restricted)
rElec  .         Dismiss  .     (no cloak)
rCorr  .         Reflect  .     (no gloves)
SustAt .         Harm     .     (no boots)
MR     +....                    (no amulet)
Stlth  ..........               (no ring)
                                g - ring of protection from magic

@: mighty, slowed, very slow, somewhat resistant to hostile enchantments,
extremely unstealthy
A: retaliatory headbutt, horns 2
a: no special abilities


You were on level 5 of the Dungeon.
You were not hungry.

You visited 1 branch of the dungeon, and saw 5 of its levels.

Inventory:

Hand Weapons
 a - a +0 war axe (weapon)
Armour
 b - a +0 scale mail (worn)
 c - a +0 shield (worn)
Jewellery
 g - a ring of protection from magic (left hand)
Scrolls
 h - 2 scrolls of noise {unknown}
 i - a scroll of identify {unknown}
 j - 2 scrolls of recharging {unknown}
 k - a scroll of teleportation {unknown}
Potions
 m - a potion of curing {unknown}
Comestibles
 d - 3 chunks of flesh
 f - a bread ration
 l - a meat ration


   Skills:
 - Level 3.6 Fighting
 * Level 6.9 Axes
 - Level 3.6 Armour
 - Level 3.6 Shields


You had 4 spell levels left.
You didn't know any spells.

Dungeon Overview and Level Annotations

Branches:
Dungeon (5/15)
 Temple: D:4-7

Altars:
The Shining One


Innate Abilities, Weirdness & Mutations

You reflexively headbutt those who attack you in melee.
You have a pair of horns on your head.


Message History

The orc closely misses you.
Unknown command.
Unknown command.
You hit the orc wizard.
The orc wizard is heavily wounded.
You closely miss the orc wizard. You slash the orc!
You kill the orc!
You hit the orc.
You kill the orc!
The orc wizard hits you but does no damage. x2
The orc hits you from afar with a trident.
* * * LOW HITPOINT WARNING * * *
The orc wizard hits you but does no damage.
You block the orc wizard's attack. The orc hits you but does no damage.
Unknown command.
Unknown command.
You slash the orc wizard!
You kill the orc wizard!
You hit the orc wizard.
The orc wizard casts a spell.
The orc wizard seems to speed up.
The orc hits you but does no damage. You block the orc wizard's attack.
You block the orc's attack.
Unknown command.
You closely miss the orc wizard.
The orc wizard is lightly wounded.
The orc wizard hits you but does no damage.
The orc wizard barely misses you. You block the orc's attack.
You block the orc wizard's attack.
Unknown command.
You found an alarm trap!
The orc wizard gestures wildly while chanting.
The orc wizard blinks!
You block the orc's attack. x2
Things that are here:
a whip; an orc corpse Unknown command.
Unknown command.
You hit the orc but do no damage. You headbutt the orc, but do no damage.
The orc wizard gestures at you while chanting.
The magic dart hits you!
You die...

.......#
.......#
.......
..##....
#####...##...##
##...#.$.
#....# #.)%.o#
#..<# #..<..#
#...# #.ยง@).#
#.... #.^.o.#
#..... ##.####
###+##. #. .#
.. # ... ...
+###


You could see an orc wizard and an orc.

Vanquished Creatures
  2 orc priests (D:3)
  An orc wizard (D:5)
  2 worker ants
  Robin (D:4)
  An adder (D:3)
  An ooze (D:4)
  A dart slug (D:2)
  A giant gecko (D:4)
  5 orcs
  A ball python (D:3)
  2 bats (D:1)
  A giant cockroach (D:3)
  7 goblins
  5 hobgoblins
  2 jackals (D:4)
  A quokka skeleton (D:4)
  A rat (D:3)
35 creatures vanquished.

Notes
Turn   | Place    | Note
-------+----------+-------------------------------------------
     0 | D:1      | Implojin the Minotaur Fighter began the quest for the Orb.
     0 | D:1      | Reached XP level 1. HP: 19/19 MP: 0/0
    40 | D:1      | Reached skill level 3 in Axes
    96 | D:3      | Reached XP level 2. HP: 26/26 MP: 1/1
   114 | D:3      | Reached skill level 4 in Axes
   114 | D:3      | Reached XP level 3. HP: 15/31 MP: 2/2
   120 | D:3      | Reached skill level 5 in Axes
   121 | D:3      | Reached XP level 4. HP: 2/39 MP: 3/3
   188 | D:4      | Noticed Robin
   205 | D:4      | Reached skill level 6 in Axes
   222 | D:4      | Killed Robin
   226 | D:4      | Reached XP level 5. HP: 11/45 MP: 4/4
   253 | D:5      | Entered Level 5 of the Dungeon
   256 | D:5      | Found a glowing golden altar of the Shining One.
   301 | D:5      | Killed from afar by an orc wizard

Vault maps used:
D:1:      dpeg_arrival_arbitrary_c
D:2:      minivault_24
D:3:      lemuel_crystal_altar, serial_forest, infiniplex_forest_zigzag_2,
          infiniplex_forest_end_2, infiniplex_forest_clump_curved,
          infiniplex_forest_clump_small
D:4:      uniq_robin
D:5:      tso_metal_star, first_bread, serial_shops, kennysheep_mini_moat,
          glass_columns_b, minmay_fountain_box, cheibrodos_gnoll_hut

Skill      XL: |  1  2  3  4 |
---------------+-------------+-----
Axes           | 3 4 5 6 |  6.9
Fighting       | |  3.6
Armour         | |  3.6
Shields        | |  3.6

Action                   |  1- 3 |  4- 6 || total
-------------------------+-------+-------++-------
Melee: War axe           |    17 |    47 ||    64
       Headbutt          |       |     2 ||     2
  Use: Potion            |     1 |     2 ||     3
Armor: Scale mail        |    27 |    11 ||    38
       Skin              |       |    13 ||    13
Dodge: Dodged            |    17 |    12 ||    29
Block: Shield            |    32 |    38 ||    70

Table legend:
 A = Turns spent in this place as a percentage of turns spent in the entire game.
 B = Non-inter-level travel turns spent in this place as a percentage of non-inter-level travel turns spent in the entire game.
 C = Inter-level travel turns spent in this place as a percentage of turns spent in this place.
 D = Turns resting spent in this place as a percentage of non-inter-level travel turns spent in this place.
 E = Turns spent auto-exploring this place as a percentage of non-inter-level travel turns spent in this place.
 F = Non-inter-level travel turns spent in this place divided by the number of levels of this place that you've seen.
                   A       B       C       D       E      F
               +-------+-------+-------+-------+-------+----------------------
         Total | 100.0 | 100.0 |   0.0 |   0.6 |   0.0 |  69.6
       Dungeon | 100.0 | 100.0 |   0.0 |   0.6 |   0.0 |  69.6
               +-------+-------+-------+-------+-------+----------------------

Table legend:
 A = Kills in this place as a percentage of kills in entire the game.
 B = Kills by you in this place as a percentage of kills by you in the entire game.
 C = Kills by friends in this place as a percentage of kills by friends in the entire game.
 D = Other kills in this place as a percentage of other kills in the entire game.
 E = Experience gained in this place as a percentage of experience gained in the entire game.
 F = Experience gained in this place divided by the number of levels of this place that you have seen.
                   A       B       C       D       E      F
               +-------+-------+-------+-------+-------+----------------------
         Total | 100.0 | 100.0 |  -nan |  -nan | 100.0 |  55.2
       Dungeon | 100.0 | 100.0 |  -nan |  -nan | 100.0 |  55.2
               +-------+-------+-------+-------+-------+----------------------
